 Dungeon Crawl Stone Soup version 0.18-a0-1782-gb76a692 (webtiles) character file.

0 4thArraOfDagon the Digger (level 1, 0/16 HPs)
             Began as a Troll Earth Elementalist on Apr 17, 2016.
             Slain by a jackal (3 damage)
             ... on level 1 of the Dungeon.
             The game lasted 00:00:52 (108 turns).

4thArraOfDagon the Digger (Troll Earth Elementalist) Turns: 108, Time: 00:00:53

Health: 0/16       AC:  5    Str: 15    XL:     1   Next: 8%
Magic:  1/1        EV:  9    Int: 11    God:
Gold:   7          SH:  0    Dex: 10    Spells: 1 memorised, 1 level left

rFire  . . .     SeeInvis .     (no weapon)
rCold  . . .     Gourm    +     a - +0 robe
rNeg   . . .     Faith    .     (no shield)
rPois  .         Spirit   .     (helmet restricted)
rElec  .         Dismiss  .     (no cloak)
rCorr  .         Reflect  .     (gloves unavailable)
SustAt .         Harm     .     (boots unavailable)
MR     .....                    (no amulet)
Stlth  +.........               (no ring)
                                (no ring)

@: not resistant to hostile enchantments, very unstealthy
A: unfitting armour, claws 3, fast metabolism 3, gourmand, regeneration 2,
shaggy fur 1, tough skin 2
a: no special abilities


You were on level 1 of the Dungeon.
You were not hungry.

You visited 1 branch of the dungeon, and saw 1 of its levels.

You collected 7 gold pieces.

Inventory:

Armour
 a - a +0 robe (worn)
Scrolls
 b - a scroll of teleportation {unknown}
 f - a scroll of recharging {unknown}
 i - a scroll of fear {unknown}
Potions
 e - a potion of might {unknown}
 g - a potion of beneficial mutation {unknown}
 h - a potion of agility {unknown}
Books
 c - a book of Geomancy

   Spells                             Type                      Level
   a - Sandblast                      Earth                        1
   b - Passwall                       Transmutation/Earth          2
   c - Stone Arrow                    Conjuration/Earth            3
   d - Petrify                        Transmutation/Earth          4
   e - Lee's Rapid Deconstruction     Earth                        5
Comestibles
 d - 2 bread rations


   Skills:
 - Level 1.5 Dodging
 - Level 1.1 Stealth
 * Level 0.2 Unarmed Combat
 - Level 1.2 Spellcasting
   Level 0.6 Transmutations
 - Level 2.6 Earth Magic


You had one spell level left.
You knew the following spells:

 Your Spells              Type           Power        Failure   Level  Hunger
a - Sandblast             Erth           #.....       12%         1    ##.....


Dungeon Overview and Level Annotations

Branches:
Dungeon (1/15)

Altars:


Innate Abilities, Weirdness & Mutations

You are too large for most types of armour.
You have claws for hands.
Your metabolism is lightning-fast.
You like to eat raw meat.
You heal very quickly.
You are covered in fur (AC +1).
You have very tough skin (AC +2).


Message History

The bat hits you but does no damage. The bat completely misses you.
The jackal bites you. x2; The jackal closely misses you.
The jackal bites you but does no damage.
You closely miss the jackal. The bat closely misses you.
The jackal bites you but does no damage.
The jackal misses you. The bat closely misses you. The jackal bites you.
The jackal bites you but does no damage.
Unknown command.
You closely miss the bat. The bat hits you but does no damage.
The bat closely misses you. The bat completely misses you.
The jackal bites you. x2; The jackal misses you.
The jackal bites you but does no damage.
You scratch the jackal.
The jackal is lightly wounded.
The bat hits you.
* * * LOW HITPOINT WARNING * * *
The jackal bites you.
* * * LOW HITPOINT WARNING * * *
The jackal closely misses you. The jackal bites you.
You die...

(..........#
#######....##.#######..#
<.......(####..........#
########## #..........#
.......######...........
.............(.........#
...##.......#..........#
...#..#####.#..bhh......
...#.## #....b@h......
..[#.# ##.###.##..##.
###..# #.. #.# # .....#
##..... .....# ###...
.....# #.#.. .....#
#.#... .....# #.#....
.....#


You could see 3 jackals and 2 bats.

Vanquished Creatures
  A kobold (D:1)
1 creature vanquished.

Notes
Turn   | Place    | Note
--------------------------------------------------------------
     0 | D:1      | 4thArraOfDagon the Troll Earth Elementalist began the quest for the Orb.
     0 | D:1      | Reached XP level 1. HP: 16/16 MP: 1/1
     0 | D:1      | TREE
     4 | D:1      | 4thArraOfDagon: ??tree
     4 | D:1      | beem: tree[1/4]: A type of feature, represented by a 7. Blocks LOS just like a wall. Conjure flame, fireballs, and bolts of magma/fire/lightning all will set them ablaze, causing flame clouds that wander a bit. Disintegration removes them.
     7 | D:1      | Noticed a lindwurm
     7 | D:1      | Noticed a rime drake
     7 | D:1      | Noticed a polar bear
     7 | D:1      | Noticed an iguana
     7 | D:1      | Noticed a worker ant
   108 | D:1      | Slain by a jackal

Vault maps used:
D:1:      onia_arrival_zoo_common

Action                   || total
-------------------------++-------
Melee: Unarmed           ||    18
Armor: Robe              ||    31
Dodge: Dodged            ||    29
